3AA
OTTAWA NATIONALS @ RICHLAND RAILS
08/17/2025
 
TOP OF THE 1ST
Ottawa Nationals batting - Pitching for Richland Rails : RHP Maxwell Simon
Pitching: RHP Maxwell Simon
Batting: RHB Howard Fewell 0-0: Called Strike
0-1: Fly out, F7 (Flyball, 78M)
Batting: RHB Michael Peterson 0-0: Ball
1-0: Ball
2-0: Ball
3-0: Called Strike
3-1: Swinging Strike
3-2: Foul Ball, location: 2F
3-2: Base on Balls
Batting: RHB Wei-qiang Mo 0-0: Foul Ball, location: 2F
0-1: Ball
1-1: Ball
2-1: Foul Ball, location: 2F
2-2: Foul Ball, location: 2F
2-2: Ball
3-2: Strikes out looking
Batting: RHB Alfredo Cardenas 0-0: Ball
1-0: Called Strike
1-1: Swinging Strike
1-2: Fly out, F7 (Flyball, 7S)
Top of the 1st over - 0 run(s), 0 hit(s), 0 error(s), 1 left on base; Ottawa 0 - Richland 0
BOTTOM OF THE 1ST
Richland Rails batting - Pitching for Ottawa Nationals : RHP António Fabián
Pitching: RHP António Fabián
Batting: LHB Roberto Soto 0-0: Called Strike
0-1: Bunted foul
0-2: Ball
1-2: SOLO HOME RUN (Flyball, 7D), Distance : 369 ft
Batting: RHB Rubén Hernández 0-0: Ball
1-0: Ball
2-0: Called Strike
2-1: Fly out, F9 (Flyball, 9S)
Batting: RHB Roberto Ríos 0-0: SINGLE (Groundball, 4MD)
Batting: RHB Jung-hwan Kwon 0-0: Ball
1-0: Ball
2-0: Ball
3-0: Base on Balls
Roberto Ríos to second
Batting: LHB Jorge Greenbaum 0-0: Swinging Strike
0-1: Ball
1-1: Ball
2-1: Foul Ball, location: 2F
2-2: Strikes out swinging
Batting: RHB Vicente Cruz 0-0: Swinging Strike
0-1: SINGLE (Groundball, 6MD)
Roberto Ríos to third
Jung-hwan Kwon to second
Runner from 3rd tries for Home, SAFE, no throw
Batting: RHB Daryl Moran 0-0: Ball
1-0: Ball
2-0: SINGLE (Flyball, 8RS)
Jung-hwan Kwon to third
Vicente Cruz to second
Runner from 3rd tries for Home, SAFE, throw made at trailing runner, OUT at third!
Bottom of the 1st over - 3 run(s), 4 hit(s), 0 error(s), 1 left on base; Ottawa 0 - Richland 3
TOP OF THE 2ND
Ottawa Nationals batting - Pitching for Richland Rails : RHP Maxwell Simon
Batting: LHB Manuel Sánchez 0-0: Fly out, F9 (Flyball, 9)
Batting: SHB Martín Marrero 0-0: Foul Ball, location: 2F
0-1: Ball
1-1: Ball
2-1: SINGLE (Groundball, 6D)
Batting: RHB Brandon Carroll 0-0: Called Strike
0-1: Ball
1-1: Foul Ball, location: 2F
1-2: Ball
2-2: Foul Ball, location: 2F
2-2: Ball
3-2: Foul Ball, location: 2F
3-2: Base on Balls
Martín Marrero to second
Batting: RHB Warren Martin 0-0: Ball
1-0: Called Strike
1-1: Ball
2-1: Swinging Strike
2-2: Ball
3-2: SINGLE (Groundball, 4MD)
Martín Marrero to third
Brandon Carroll to second
Runner from 3rd tries for Home, SAFE, throw made home
Brandon Carroll to third
Warren Martin to second
Batting: LHB Javier Hernández 0-0: Ball
1-0: Called Strike
1-1: Foul Ball, location: 2F
1-2: Ball
2-2: Strikes out looking
Batting: RHB Howard Fewell 0-0: Called Strike
0-1: Foul Ball, location: 2F
0-2: Ball
1-2: Foul Ball, location: 2F
1-2: Ball
2-2: Ball
3-2: Ground out 6-3 (Groundball, 6)
Top of the 2nd over - 1 run(s), 2 hit(s), 0 error(s), 2 left on base; Ottawa 1 - Richland 3
BOTTOM OF THE 2ND
Richland Rails batting - Pitching for Ottawa Nationals : RHP António Fabián
Batting: RHB Adrian Rodgers 0-0: Ball
1-0: Called Strike
1-1: Swinging Strike
1-2: Ball
2-2: SINGLE (Groundball, 34D)
Batting: LHB Orlando Casillas 0-0: Swinging Strike
0-1: Ball
1-1: Foul Ball, location: 2F
1-2: Foul Ball, location: 2F
1-2: Strikes out swinging
Batting: LHB Roberto Soto 0-0: Fly out, F9 (Flyball, 89S)
Batting: RHB Rubén Hernández 0-0: Called Strike
0-1: Swinging Strike
0-2: Ball
1-2: Ball
2-2: Ball
3-2: Foul Ball, location: 2F
3-2: Foul Ball, location: 2F
3-2: Foul Ball, location: 2F
3-2: Strikes out swinging
Bottom of the 2nd over - 0 run(s), 1 hit(s), 0 error(s), 1 left on base; Ottawa 1 - Richland 3
TOP OF THE 3RD
Ottawa Nationals batting - Pitching for Richland Rails : RHP Maxwell Simon
Batting: RHB Michael Peterson 0-0: Called Strike
0-1: Ball
1-1: Foul Ball, location: 2F
1-2: Strikes out swinging
Batting: RHB Wei-qiang Mo 0-0: Called Strike
0-1: Ground out 6-3 (Groundball, 6S)
Batting: RHB Alfredo Cardenas 0-0: Called Strike
0-1: Ball
1-1: Foul Ball, location: 2F
1-2: Ball
2-2: Fly out, F7 (Flyball, 7)
Top of the 3rd over - 0 run(s), 0 hit(s), 0 error(s), 0 left on base; Ottawa 1 - Richland 3
BOTTOM OF THE 3RD
Richland Rails batting - Pitching for Ottawa Nationals : RHP António Fabián
Batting: RHB Roberto Ríos 0-0: Ball
1-0: Ball
2-0: Fly out, F9 (Flyball, 9)
Batting: RHB Jung-hwan Kwon 0-0: Foul Ball, location: 2F
0-1: Ball
1-1: Fly out, F7 (Line Drive, 7)
Batting: LHB Jorge Greenbaum 0-0: Ball
1-0: Fly out, F9 (Line Drive, 9)
Bottom of the 3rd over - 0 run(s), 0 hit(s), 0 error(s), 0 left on base; Ottawa 1 - Richland 3
TOP OF THE 4TH
Ottawa Nationals batting - Pitching for Richland Rails : RHP Maxwell Simon
Batting: LHB Manuel Sánchez 0-0: SINGLE (Line Drive, 3D)
Batting: SHB Martín Marrero 0-0: Called Strike
Manuel Sánchez is caught stealing 2nd base
0-1: Ball
1-1: Ball
2-1: Foul Ball, location: 2F
2-2: Foul Ball, location: 2F
2-2: Ball
3-2: Base on Balls
Batting: RHB Brandon Carroll 0-0: Fly out, F9 (Flyball, 89M)
Batting: RHB Warren Martin 0-0: Swinging Strike
0-1: Foul Ball, location: 2F
0-2: Ball
1-2: Strikes out swinging
Top of the 4th over - 0 run(s), 1 hit(s), 0 error(s), 1 left on base; Ottawa 1 - Richland 3
BOTTOM OF THE 4TH
Richland Rails batting - Pitching for Ottawa Nationals : RHP António Fabián
Batting: RHB Vicente Cruz 0-0: Called Strike
0-1: Fly out, F7 (Flyball, 7)
Batting: RHB Daryl Moran 0-0: Called Strike
0-1: Ball
1-1: Foul Ball, location: 2F
1-2: Strikes out swinging
Batting: RHB Adrian Rodgers 0-0: Ball
1-0: Fly out, F7 (Flyball, 7LS)
Bottom of the 4th over - 0 run(s), 0 hit(s), 0 error(s), 0 left on base; Ottawa 1 - Richland 3
TOP OF THE 5TH
Ottawa Nationals batting - Pitching for Richland Rails : RHP Maxwell Simon
Batting: LHB Javier Hernández 0-0: Foul Ball, location: 2F
0-1: Swinging Strike
0-2: Ball
1-2: Strikes out swinging
Batting: RHB Howard Fewell 0-0: Ball
1-0: Foul Ball, location: 2F
1-1: Foul Ball, location: 2F
1-2: Foul Ball, location: 2F
1-2: Ball
2-2: Fly out, F8 (Flyball, 8LD)
Batting: RHB Michael Peterson 0-0: Ball
1-0: Ball
2-0: Called Strike
2-1: Ball
3-1: Foul Ball, location: 2F
3-2: Base on Balls
Batting: RHB Wei-qiang Mo 0-0: Ball
1-0: Foul Ball, location: 2F
1-1: Ball
2-1: Foul Ball, location: 2F
2-2: Ball
3-2: Strikes out swinging
Top of the 5th over - 0 run(s), 0 hit(s), 0 error(s), 1 left on base; Ottawa 1 - Richland 3
BOTTOM OF THE 5TH
Richland Rails batting - Pitching for Ottawa Nationals : RHP António Fabián
Batting: LHB Orlando Casillas 0-0: Ball
1-0: Called Strike
1-1: Ground out 1-3 (Groundball, 13)
Batting: LHB Roberto Soto 0-0: Foul Ball, location: 2F
0-1: Ball
1-1: SINGLE (Flyball, 8LS)
Batting: RHB Rubén Hernández 0-0: Ball
1-0: Fly out, F7 (Line Drive, 7)
Batting: RHB Roberto Ríos 0-0: Called Strike
0-1: Called Strike
0-2: Ball
1-2: Fielders Choice at 2nd, 6-4 (Groundball, 6)
Bottom of the 5th over - 0 run(s), 1 hit(s), 0 error(s), 0 left on base; Ottawa 1 - Richland 3
TOP OF THE 6TH
Ottawa Nationals batting - Pitching for Richland Rails : RHP Maxwell Simon
Batting: RHB Alfredo Cardenas 0-0: Ball
1-0: Ball
2-0: Swinging Strike
2-1: Ball
3-1: Base on Balls
Pitching: LHP Bart Gresham
Batting: LHB Manuel Sánchez 0-0: Ball
1-0: Called Strike
1-1: Ball
2-1: Foul Ball, location: 2F
2-2: Foul Ball, location: 2F
2-2: SINGLE (Line Drive, 9S)
Alfredo Cardenas to second
Batting: SHB Martín Marrero 0-0: Bunted foul
0-1: Bunt missed!
0-2: Ball
1-2: Foul Ball, location: 2F
1-2: Strikes out looking
Batting: RHB Brandon Carroll 0-0: Ball
1-0: Ball
Alfredo Cardenas steals 3rd base
Manuel Sánchez to second
2-0: Ball
3-0: Base on Balls
Batting: RHB Warren Martin 0-0: Grounds into double play, 1-2-3 (Groundball, P)
Top of the 6th over - 0 run(s), 1 hit(s), 0 error(s), 2 left on base; Ottawa 1 - Richland 3
BOTTOM OF THE 6TH
Richland Rails batting - Pitching for Ottawa Nationals : RHP António Fabián
Batting: RHB Jung-hwan Kwon 0-0: Called Strike
0-1: Ball
1-1: Ball
2-1: Fly out, F9 (Flyball, 9)
Batting: LHB Jorge Greenbaum 0-0: Foul Ball, location: 2F
0-1: Called Strike
0-2: Ball
1-2: Ball
2-2: Foul Ball, location: 2F
2-2: SINGLE (Flyball, 89S)
Batting: RHB Vicente Cruz 0-0: Ball
1-0: Called Strike
1-1: Foul Ball, location: 2F
1-2: Ball
2-2: Strikes out swinging
Batting: RHB Daryl Moran 0-0: Ball
1-0: Ball
2-0: Fly out, F8 (Flyball, 8RM)
Bottom of the 6th over - 0 run(s), 1 hit(s), 0 error(s), 1 left on base; Ottawa 1 - Richland 3
TOP OF THE 7TH
Ottawa Nationals batting - Pitching for Richland Rails : LHP Bart Gresham
Batting: LHB Javier Hernández 0-0: Ground out 4-3 (Groundball, 4)
Batting: RHB Howard Fewell 0-0: Ball
1-0: Swinging Strike
1-1: Ball
2-1: Swinging Strike
2-2: SOLO HOME RUN (Flyball, 7D), Distance : 352 ft
Batting: RHB Michael Peterson 0-0: Called Strike
0-1: Foul Ball, location: 2F
0-2: Strikes out swinging
Batting: RHB Wei-qiang Mo 0-0: Ball
1-0: Called Strike
1-1: Swinging Strike
1-2: Strikes out swinging
Top of the 7th over - 1 run(s), 1 hit(s), 0 error(s), 0 left on base; Ottawa 2 - Richland 3
BOTTOM OF THE 7TH
Richland Rails batting - Pitching for Ottawa Nationals : RHP António Fabián
Batting: RHB Adrian Rodgers 0-0: Foul Ball, location: 2F
0-1: Ball
1-1: Foul Ball, location: 2F
1-2: SINGLE (Flyball, 78S)
Batting: LHB Orlando Casillas 0-0: Bunt missed!
0-1: Bunted foul
0-2: Ball
1-2: Foul Ball, location: 2F
1-2: SINGLE (Line Drive, 89S)
Adrian Rodgers to second
Batting: LHB Roberto Soto 0-0: Bunted foul
0-1: Bunted foul
0-2: DOUBLE (Line Drive, 7LS)
Adrian Rodgers scores
Orlando Casillas to third
Pinch Hitting: SHB Jasper Otto 0-0: Intentional Walk
Batting: RHB Roberto Ríos 0-0: Called Strike
0-1: Swinging Strike
0-2: Ball
1-2: Ball
2-2: Ball
3-2: Strikes out swinging
Batting: RHB Jung-hwan Kwon 0-0: Called Strike
0-1: Fly out, F8 (Flyball, 8RM)
Runner from 3rd tags up, SCORES, no throw
Batting: LHB Jorge Greenbaum 0-0: Called Strike
0-1: 3-RUN HOME RUN (Flyball, 8RXD), Distance : 430 ft
Pitching: RHP Theodore Wood
Batting: RHB Vicente Cruz 0-0: Ball
1-0: Ball
2-0: Foul Ball, location: 2F
2-1: Ball
3-1: Called Strike
3-2: Foul Ball, location: 2F
3-2: Base on Balls
Batting: RHB Daryl Moran 0-0: Ball
1-0: DOUBLE (Line Drive, 7LM)
Vicente Cruz to third
Batting: RHB Adrian Rodgers 0-0: Called Strike
0-1: SINGLE (Line Drive, 6M)
Vicente Cruz scores
Daryl Moran to third
Runner from 3rd tries for Home, SAFE, throw made home
Adrian Rodgers to second
Batting: LHB Orlando Casillas 0-0: Ball
1-0: Ball
2-0: Ball
3-0: Ground out 6-3 (Groundball, 6)
Bottom of the 7th over - 7 run(s), 6 hit(s), 0 error(s), 1 left on base; Ottawa 2 - Richland 10
TOP OF THE 8TH
Ottawa Nationals batting - Pitching for Richland Rails : LHP Bart Gresham
Now at 1B: Larry Brown
Now at 2B: Kazu Hishida
Now in RF: Bernardo Cruz
Batting: RHB Alfredo Cardenas 0-0: Ball
1-0: Ball
2-0: Fly out, F7 (Flyball, 7S)
Batting: LHB Manuel Sánchez 0-0: Called Strike
0-1: Foul Ball, location: 2F
0-2: Ball
1-2: Ground out 3-1 (Groundball, 34)
Batting: SHB Martín Marrero 0-0: Swinging Strike
0-1: Called Strike
0-2: Strikes out looking
Top of the 8th over - 0 run(s), 0 hit(s), 0 error(s), 0 left on base; Ottawa 2 - Richland 10
BOTTOM OF THE 8TH
Richland Rails batting - Pitching for Ottawa Nationals : RHP Theodore Wood
Batting: LHB Roberto Soto 0-0: Ball
1-0: Ball
2-0: Foul Ball, location: 2F
2-1: Ball
3-1: Base on Balls
Batting: RHB Larry Brown 0-0: Ground out 4-3 (Groundball, 4)
Roberto Soto to second
Batting: RHB Roberto Ríos 0-0: Ball
1-0: Ground out 5-3 (Groundball, 56S)
Roberto Soto to third
Batting: RHB Jung-hwan Kwon 0-0: Called Strike
0-1: Ball
1-1: Hit by Pitch
Batting: LHB Jorge Greenbaum 0-0: Called Strike
0-1: Ball
1-1: Fielders Choice at 2nd, 4-6 (Groundball, 4D)
Bottom of the 8th over - 0 run(s), 0 hit(s), 0 error(s), 1 left on base; Ottawa 2 - Richland 10
TOP OF THE 9TH
Ottawa Nationals batting - Pitching for Richland Rails : LHP Bart Gresham
Batting: RHB Brandon Carroll 0-0: Called Strike
0-1: SINGLE (Line Drive, 56D)
Batting: RHB Warren Martin 0-0: Ball
1-0: Called Strike
1-1: Called Strike
1-2: Foul Ball, location: 2F
1-2: Foul Ball, location: 2F
1-2: Foul Ball, location: 2F
1-2: SINGLE (Groundball, 4D)
Brandon Carroll to second
Batting: LHB Javier Hernández 0-0: Ball
1-0: Foul Ball, location: 2F
1-1: Ball
2-1: Ball
3-1: Base on Balls
Brandon Carroll to third
Warren Martin to second
Batting: RHB Howard Fewell 0-0: Hit by Pitch
Brandon Carroll scores
Warren Martin to third
Javier Hernández to second
Batting: RHB Michael Peterson 0-0: Ball
1-0: Ball
2-0: Swinging Strike
2-1: Foul Ball, location: 2F
2-2: Ball
3-2: Base on Balls
Warren Martin scores
Javier Hernández to third
Howard Fewell to second
Batting: RHB Wei-qiang Mo 0-0: Called Strike
0-1: Ball
1-1: Ball
2-1: Ball
3-1: Grounds into double play, 6-4-3 (Groundball, 56)
Javier Hernández scores
Howard Fewell to third
Pitching: LHP An Jang-Yop
Batting: RHB Alfredo Cardenas 0-0: Swinging Strike
0-1: Foul Ball, location: 2F
0-2: Strikes out swinging
Top of the 9th over - 3 run(s), 2 hit(s), 0 error(s), 1 left on base; Ottawa 5 - Richland 10
Friday, December 30th, 2016 - OOTP Baseball 17.12 Build 75